 Dungeon Crawl Stone Soup version 0.23.2 (webtiles) character file.

Game seed: 11019090076325166549

61 Kairos the Poker (level 4, -2/34 HPs)
             Began as a Merfolk Skald on Apr 2, 2019.
             Slain by a water moccasin (3 damage)
             ... on level 3 of the Dungeon.
             The game lasted 00:05:05 (2813 turns).

Kairos the Poker (Merfolk Skald)                    Turns: 2813, Time: 00:05:06

Health: -2/34      AC:  3    Str: 17    XL:     4   Next: 7%
Magic:  5/7        EV: 13    Int: 15    God:
Gold:   79         SH:  0    Dex: 13    Spells: 4/7 levels left

rFire    . . .     SeeInvis .   a - +0 spear
rCold    . . .     Gourm    .   (no shield)
rNeg     . . .     Faith    .   b - +0 leather armour
rPois    .         Spirit   .   (no helmet)
rElec    .         Reflect  .   o - scarf {repulsion}
rCorr    .         Harm     .   (no gloves)
MR       .....                  (no boots)
Stlth    +.........             n - amulet of magic regeneration
HPRegen  0.11/turn              k - +3 ring of intelligence
MPRegen  0.35/turn              (no ring)

@: mighty, lethally poisoned (-2 -> -13), shrouded, repel missiles
A: change form in water, swift swim, stealthy swim
a: no special abilities


You were on level 3 of the Dungeon.
You were near starving.

You visited 1 branch of the dungeon, and saw 3 of its levels.

You collected 79 gold pieces.

Inventory:

Hand Weapons
 a - a +0 spear (weapon)
 i - a +2 vampiric whip
Missiles
 e - 5 tomahawks (quivered)
Armour
 b - a +0 leather armour (worn)
 m - a +0 cloak
 o - a scarf of repulsion (worn)
Jewellery
 k - a +3 ring of intelligence (left hand)
 n - an amulet of magic regeneration (around neck)
Scrolls
 c - a scroll of remove curse
 f - a scroll of amnesia
 g - a scroll of fear
 h - a scroll of immolation
 j - a scroll of identify
 l - a scroll of magic mapping {unknown}
Comestibles
 d - 2 rations


   Skills:
 + Level 2.4 Fighting
 + Level 4.1 Polearms
 + Level 1.0 Armour
 + Level 3.1 Dodging
 + Level 0.3 Stealth
 + Level 2.3 Spellcasting
 + Level 4.0 Charms


You had 4 spell levels left.
You knew the following spells:

 Your Spells              Type           Power        Failure   Level  Hunger
a - Infusion              Chrm           ##..         4%          1    #......
b - Shroud of Golubria    Chrm/Tloc      #.........   17%         2    ###....

Your spell library contained the following spells:

 Spells                   Type           Power        Failure   Level  Hunger
 Song of Slaying          Chrm           ##......     8%          2    ###....
 Regeneration             Chrm/Necr      #.........   34%         3    ###....
 Spectral Weapon          Hex/Chrm       #.......     34%         3    ###....


Dungeon Overview and Level Annotations

Branches:
Dungeon (3/15)

Altars:
Vehumet

Annotations:
D:2 Sigmund


Message History

The goblin hits you but does no damage. The worm bites you but does no damage.
You miss the water moccasin.
The water moccasin is moderately wounded.
The water moccasin bites you.
You are lethally poisoned!
The water moccasin poisons you! The goblin hits you with a +0 club.
You feel sick. The water moccasin misses you.
Casting: Shroud of Golubria (safe; 17% risk of failure)
Confirm with . or Enter, or press ? or * to list all spells.
Space distorts slightly along a thin shroud covering your body.
* * * LOW HITPOINT WARNING * * *
You feel sick. The water moccasin bites you!
* * * LOW HITPOINT WARNING * * *
The goblin hits you but does no damage.
You completely miss the water moccasin.
The water moccasin is moderately wounded.
* * * LOW HITPOINT WARNING * * *
You feel sick. The water moccasin barely misses you. The worm misses you.
The water moccasin bites you.
You die...

############ #
#..........# ..
#.......?..#
...########..........#
...............g.....#
.....<(...(....S@....#
...########....w.....#
. #..((..(...#
############


You could see a water moccasin, a worm and a goblin.

Vanquished Creatures
  An adder (D:2)
  A worm (D:2)
  2 dart slugs
  3 leopard geckos
  4 giant cockroaches (D:1)
  2 goblins
  A hobgoblin (D:1)
  5 jackals
  6 bats
  A frilled lizard (D:2)
  10 kobolds
  8 rats
44 creatures vanquished.

Notes
Turn   | Place    | Note
-------+----------+-------------------------------------------
     0 | D:1      | Kairos the Merfolk Skald began the quest for the Orb.
     0 | D:1      | Reached XP level 1. HP: 16/16 MP: 3/3
     3 | D:1      | Noticed a merfolk zombie
   204 | D:1      | Reached XP level 2. HP: 19/22 MP: 5/5
   501 | D:1      | Reached XP level 3. HP: 18/27 MP: 6/6
   897 | D:2      | Found a radiant altar of Vehumet.
  1918 | D:2      | Noticed Sigmund
  2066 | D:2      | Reached XP level 4. HP: 29/34 MP: 7/7
  2098 | D:2      | Learned a level 2 spell: Shroud of Golubria
  2396 | D:2      | Reached skill level 1 in Armour
  2792 | D:3      | Noticed a water moccasin
  2813 | D:3      | HP: 1/34 [poisoned by a water moccasin]
  2813 | D:3      | Slain by a water moccasin

Skill      XL: |  1  2  3  4 |
---------------+-------------+-----
Charms         | 4 |  4.0
Dodging        | 3 |  3.1
Polearms       | 4 |  4.1
Armour         | 1 |  1.0
Fighting       | |  2.4
Stealth        | |  0.3
Spellcasting   | |  2.3

Action                   |  1- 3 |  4- 6 || total
-------------------------+-------+-------++-------
Melee: Spear             |   155 |    18 ||   173
 Cast: Infusion          |     2 |     1 ||     3
       Shroud of Golubri |       |     2 ||     2
  Use: Scroll            |     4 |       ||     4
       Potion            |     2 |     2 ||     4
 Stab: Sleeping          |     2 |       ||     2
  Eat: Ration            |     1 |       ||     1
       Chunk             |     1 |       ||     1
Armor: Leather armour    |    40 |     2 ||    42
Dodge: Dodged            |   107 |    21 ||   128
       Deflected         |       |     3 ||     3
